 Dungeon Crawl Stone Soup version 0.14-a0-2632-gd2f732a (webtiles) character file.

210 MackTheKnife the Ducker (level 5, -3/45 HPs)
             Began as a Draconian Wanderer on Feb 15, 2014.
             Killed from afar by an orc wizard (6 damage)
             ... with a magic dart
             ... on Level 3 of the Dungeon.
             The game lasted 00:05:49 (3185 turns).

MackTheKnife the Ducker (Draconian Wanderer)        Turns: 3185, Time: 00:05:49

HP  -3/45        AC  5     Str 15      XL: 5   Next: 12%
MP   5/5         EV 14     Int 11      God:
Gold 57          SH  0     Dex 12      Spells:  0 memorised,  4 levels left

rFire  . . .     SeeInvis .     s - +2,+0 halberd
rCold  . . .     Clarity  .     (armour unavailable)
rNeg   . . .     Conserve .     (no shield)
rPois  .         rCorr    .     (helmet restricted)
rElec  .         rRot     .     (no cloak)
SustAb . .       Spirit   .     (no gloves)
rMut   .         Warding  .     (no boots)
Saprov . . .     Stasis   .     (no amulet)
MR     .....                    (no ring)
                                t - ring of flight

@: about to teleport, not resistant to hostile enchantments, unstealthy
A: unfitting armour, AC +5
a: Evoke Flight


You were on level 3 of the Dungeon.
You were hungry.

You visited 1 branch of the dungeon, and saw 3 of its levels.

You collected 57 gold pieces.


   Skills:
 - Level 3.2 Fighting
   Level 2.0 Long Blades
   Level 2.0 Maces & Flails
 + Level 4.6 Dodging
   Level 1.0 Invocations
 - Level 1.0 Evocations


You had 4 spell levels left.
You didn't know any spells.

Inventory:

Hand weapons
 b - a +0,+0 crossbow
 h - a +2,+1 short sword of holy wrath
 s - a +2,+0 halberd (weapon)
Missiles
 d - 34 bolts
Magical devices
 e - a wand of frost (20)
Comestibles
 f - 4 bread rations
 g - 2 meat rations
 q - a honeycomb
Scrolls
 a - a scroll of noise {unknown}
 c - 4 scrolls of identify
Jewellery
 t - a ring of flight (left hand)
Potions
 m - a potion of flight {unknown}
 r - a potion of degeneration {unknown}

▒▒▒▒▒▒ ▒ ▒····▒ ▒▒▒▒▒▒
▒····▒ ·····▒▒▒▒▒▒▒····▒
▒▒▒▒▒▒▒▒▒
▒▒▒▒·······'····▒▒▒ogo······
▒▒▒▒▒▒▒▒▒····d·oo▒
▒···>▒▒▒▒▒ ▒▒▒+▒▒ ▒▒▒▒▒▒▒▒▒
▒·······▒ +·······▒


You could see an orc wizard, 3 orcs and a goblin.


Message History

Zapping:
e - a wand of frost (22)
Aim: an orc wizard, wielding an orcish morningstar and wearing an orcish robe (heavily wounded, moving very quickly)
The puff of frost hits the orc wizard.
The orc wizard is severely wounded.
This wand has 21 charges left.
The orc wizard points at you and mumbles some strange words.
The magic dart hits you!
* * * LOW HITPOINT WARNING * * *
The orc wizard becomes somewhat translucent.
Evoke which item? (* to show all) (? for menu, Esc to quit)
Zapping:
e - a wand of frost (21)
Aim: an orc wizard, wielding an orcish morningstar and wearing an orcish robe (severely wounded, moving very quickly)
The puff of frost misses the orc wizard.
The puff of frost misses the orc.
This wand has 20 charges left.
The orc wizard hits you with an orcish morningstar!
* * * LOW HITPOINT WARNING * * *
Drink which item? (? for menu, Esc to quit)
You feel better.
The orc wizard hits you with an orcish morningstar.
* * * LOW HITPOINT WARNING * * *
Evoke which item? (* to show all) (? for menu, Esc to quit)
Okay, then.
Read which item? (? for menu, Esc to quit)
As you read the scroll of teleportation, it crumbles to dust.
You feel strangely unstable.
The orc wizard hits you with an orcish morningstar.
* * * LOW HITPOINT WARNING * * *
The orc wizard casts a spell at you. The magic dart hits you!
You die...

Action                   |  1- 3 |  4- 6 || total
-------------------------+-------+-------++-------
Melee: Dagger            |    16 |       ||    16
       Short sword       |   118 |    22 ||   140
       Unarmed           |     4 |       ||     4
       Halberd           |       |    59 ||    59
 Fire: Crossbow          |    39 |    13 ||    52
Evoke: Wand              |       |     4 ||     4
  Use: Scroll            |       |    11 ||    11
       Potion            |       |     3 ||     3
 Stab: Sleeping          |       |     1 ||     1

Vault maps used:
D:1:      minmay_arrival_four_loops, hangedman_abyss_or_decor_stabs
D:2:      first_bread, grunt_ministairs_9
D:3:      roderic_lattice_a, uniq_terence

Notes
Turn   | Place    | Note
--------------------------------------------------------------
     0 | D:1      | MackTheKnife, the Draconian Wanderer, began the quest for the Orb.
     0 | D:1      | Reached XP level 1. HP: 19/19 MP: 1/1
   337 | D:1      | Reached skill level 2 in Dodging
   337 | D:1      | Reached XP level 2. HP: 26/26 MP: 2/2
  1162 | D:1      | Reached XP level 3. HP: 31/31 MP: 3/3
  1400 | D:2      | Reached skill level 3 in Dodging
  1800 | D:2      | Reached XP level 4. HP: 7/38 MP: 4/4
  2469 | D:2      | Reached skill level 4 in Dodging
  2924 | D:3      | Reached XP level 5. HP: 45/45 MP: 5/5
  2972 | D:3      | Noticed Terence
  2990 | D:3      | Killed Terence
  3182 | D:3      | HP: 1/45 [orc wizard/orcish morningstar (10)]
  3185 | D:3      | Killed from afar by an orc wizard

Vanquished Creatures
  Terence (D:3)
  4 gnolls (D:2)
  An adder (D:2)
  3 worms
  3 giant geckos
  2 oozes
  An orc (D:3)
  A ball python (D:2)
  9 bats
  9 goblins
  7 hobgoblins (D:1)
  5 jackals
  8 kobolds
  A quokka (D:3)
  3 giant cockroaches
  3 giant newts
  7 rats
68 creatures vanquished.
